Map: [ESL] Crimson Court

Players

ShoWTimE

  • Race: Protoss Protoss
  • League: Master
  • Spawn Location: 1:00

gumiho - Winner!

  • Race: Terran Terran
  • Spawn Location: 7:00

Event: HomeStory Cup XXV

VOD

Have the link to the VOD?

Description

Time

  • Played on: June 23, 2024, 6:38 p.m.
  • Length: 32:28

All games in this series

Show
View Real Time Build Order
Export as new Build Order

ShoWTimE Protoss 

Build Orders: 1 Gate Expand, Blink Stalkers, Colossus Rush 

Get SALT Encoding   

  12  0:00  Probe  
  13  0:12  Probe  
  14  0:16  Pylon  
  14  0:24  Probe (Chrono Boost)  
  15  0:34  Gateway  
  15  0:36  Probe (Chrono Boost)  
  16  0:45  Assimilator, Probe (Chrono Boost)  
  17  0:50  Probe  
  18  1:03  Probe  
  19  1:15  Probe  
  20  1:22  Nexus  
  20  1:31  Cybernetics Core  
  20  1:34  Probe  
  20  1:39  Assimilator  
  21  1:46  Probe  
  22  1:48  Pylon  
  22  1:58  Probe  
  23  2:05  Stalker (Chrono Boost)  
  23  2:07  Warp Gate  
  25  2:10  Probe  
  26  2:22  Probe  
  27  2:23  Twilight Council  
  27  2:32  Stalker  
  27  2:34  Probe (Chrono Boost)  
  31  2:40  Probe (Chrono Boost)  
  31  2:42  Shield Battery  
  32  2:44  Probe (Chrono Boost)  
  32  2:49  Probe (Chrono Boost)  
  34  2:54  Blink (Chrono Boost), Probe (Chrono Boost)  
  34  2:57  Probe (Chrono Boost)  
  35  3:01  Probe (Chrono Boost)  
  35  3:02  Probe (Chrono Boost)  
  37  3:08  Stalker  
  37  3:12  Probe  
  40  3:15  Probe  
  40  3:18  Gateway  
  41  3:24  Probe  
  42  3:27  Probe  
  42  3:29  Robotics Facility  
  42  3:33  Pylon  
  43  3:36  Probe  
  44  3:43  Gateway, Probe  
  44  3:46  Assimilator  
  45  3:51  Probe  
  46  3:56  Stalker  
  46  3:57  Probe  
  46  4:00  Pylon  
  46  4:01  Assimilator  
  49  4:03  Probe  
  49  4:09  Probe  
  51  4:13  Stalker  
  51  4:15  Probe  
  54  4:17  Observer  
  54  4:21  Probe  
  54  4:23  Stalker, Pylon  
  58  4:27  Probe  
  58  4:42  Probe  
  59  4:46  Probe  
  59  4:51  Robotics Bay  
  59  4:52  Forge  
  59  4:55  Observer  
  59  4:56  Probe  
  61  5:02  Pylon  
  61  5:05  Nexus  
  62  5:07  Probe  
  62  5:09  Probe  
  62  5:10  Immortal (Chrono Boost)  
  67  5:17  Pylon  
  67  5:19  Probe  
  67  5:21  Probe  
  69  5:24  Pylon  
  69  5:26  Protoss Ground Weapons Level 1 (Chrono Boost)  
  69  5:28  Charge  
  69  5:32  Probe  
  69  5:33  Probe  
  71  5:39  Colossus (Chrono Boost)  
  77  5:48  Gateway  
  77  5:49  Gateway, Observer  
  77  5:52  Sentry  
  77  5:55  Probe x2  
  81  6:01  Gateway  
  81  6:12  Sentry x2  
  81  6:13  Shield Battery  
  81  6:15  Shield Battery  
  85  6:21  Observer, Colossus (Chrono Boost)  
  91  6:28  Stalker  
  93  6:39  Probe  
  93  6:41  Probe  
  93  6:45  Stalker  
  95  6:47  Probe  
  95  6:57  Probe  
  95  6:58  Probe  
  95  6:59  Probe  
  95  7:00  Gateway  
  98  7:01  Colossus (Chrono Boost)  
  98  7:03  Gateway  
  98  7:04  Extended Thermal Lance (Chrono Boost)  
  98  7:05  Pylon  
  104  7:08  Zealot x2  
  104  7:10  Probe  
  109  7:18  Shield Battery  
  109  7:19  Pylon  
  109  7:22  Photon Cannon  
  109  7:25  Protoss Ground Weapons Level 2 (Chrono Boost)  
  109  7:26  Probe  
  110  7:31  Pylon  
  110  7:33  Nexus  
  110  7:37  Pylon  
  110  7:43  Warp Prism (Chrono Boost)  
  112  7:56  Robotics Facility  
  112  7:57  Zealot  
  112  7:58  Zealot x3  
  120  8:00  Zealot x4  
  120  8:02  Probe x2  
  130  8:05  Shield Battery  
  130  8:10  Disruptor (Chrono Boost)  
  134  8:20  Photon Cannon  
  134  8:23  Pylon  
  134  8:29  Probe x2  
  134  8:30  Probe  
  137  8:34  Photon Cannon  
  137  8:37  Shield Battery, Gravitic Drive  
  137  8:38  Disruptor (Chrono Boost)  
  137  8:39  Pylon  
  141  8:41  Pylon  
  141  8:45  Zealot x5  
  141  8:48  Probe x4  
  154  8:52  Zealot  
  157  8:58  Zealot x2  
  157  8:59  Disruptor (Chrono Boost)  
  165  9:07  Disruptor (Chrono Boost), Pylon  
  165  9:09  Pylon  
  169  9:19  Pylon  
  169  9:24  Zealot x4  
  169  9:27  Disruptor  
  169  9:28  Protoss Ground Weapons Level 3 (Chrono Boost)  
  181  9:32  Pylon  
  181  9:33  Forge  
  181  9:34  Nexus  
  181  9:36  Disruptor  
  181  9:37  Pylon  
  185  9:47  Zealot x4  
  181  10:00  Probe x3  
  181  10:03  Warp Prism  
  181  10:05  Protoss Ground Armor Level 1 (Chrono Boost)  
  186  10:08  Zealot x4  
  186  10:13  Pylon  
  194  10:17  Gateway  
  194  10:18  Gateway  
  194  10:20  Pylon  
  194  10:25  Gateway, Pylon  
  194  10:28  Gateway  
  194  10:38  Gateway  
  194  10:39  Gateway  
  194  10:40  Gateway  
  194  10:46  Gateway  
  194  10:47  Gateway, Pylon  
  194  10:50  Gateway  
  194  10:53  Gateway  
  194  10:57  Gateway  
  194  11:06  Zealot x3  
  200  11:12  Gateway  
  200  11:15  Gateway  
  200  11:17  Gateway  
  200  11:18  Photon Cannon  
  200  11:19  Gateway  
  200  11:20  Shield Battery  
  200  11:21  Gateway  
  200  11:22  Gravitic Boosters  
  200  11:24  Gateway  
  200  11:37  Nexus  
  200  11:39  Protoss Ground Armor Level 2 (Chrono Boost), Pylon  
  200  12:00  Stalker x4  
  200  12:03  Protoss Shields Level 1 (Chrono Boost)  
  200  12:10  Nexus  
  200  12:14  Pylon  
  200  12:17  Pylon  
  200  12:29  Robotics Facility  
  200  12:32  Stargate  
  200  12:36  Stalker x2  
  198  13:12  Nexus  
  198  13:14  Pylon  
  198  13:22  Zealot  
  196  13:27  Zealot x2  
  196  13:32  Zealot x3  
  194  13:47  Pylon, Photon Cannon  
  194  13:49  Nexus, Photon Cannon  
  194  13:51  Shield Battery  
  194  13:52  Pylon  
  194  13:56  Stalker x3  
  200  14:10  Protoss Ground Armor Level 3 (Chrono Boost)  
  200  14:11  Warp Prism (Chrono Boost)  
  200  14:12  Protoss Shields Level 2 (Chrono Boost)  
  184  14:19  Zealot x8  
  200  14:30  Pylon  
  192  14:44  Photon Cannon  
  190  14:46  Photon Cannon  
  190  14:49  Shield Battery  
  168  14:52  Stalker x3  
  168  14:53  Stalker x13  
  198  15:41  Zealot  
  198  15:42  Zealot  
  200  16:02  Nexus  
  166  16:04  Pylon  
  166  16:09  Zealot x16  
  166  16:10  Zealot x4  
  166  16:11  Disruptor  
  192  16:13  Zealot x2  
  168  16:30  Stalker x11  
  168  16:31  Stalker x3  
  168  16:32  Zealot x5  
  172  16:35  Zealot x7  
  194  16:40  Probe x2  
  194  16:41  Probe  
  194  16:42  Unknown, Protoss Shields Level 3 (Chrono Boost)  
  195  17:05  Zealot x2  
  151  17:18  Zealot x11  
  151  17:19  Zealot x2  
  151  17:20  Disruptor (Chrono Boost)  
  151  17:21  Zealot x8  
  139  17:31  Disruptor (Chrono Boost)  
  115  17:39  Stalker x2  
  115  17:40  Stalker x7, Zealot x9  
  115  17:42  Zealot x7  
  165  17:51  Warp Prism (Chrono Boost)  
  165  17:52  Zealot  
  163  18:00  Probe x3  
  163  18:01  Probe  
  164  18:11  Stalker x10  
  164  18:12  Zealot x2  
  185  18:20  Nexus  
  179  18:30  Zealot x6  
  189  18:35  Pylon  
  189  18:36  Zealot  
  191  18:44  Assimilator  
  191  18:45  Assimilator, Observer (Chrono Boost)  
  189  18:54  Zealot x5  
  179  19:08  Zealot x3  
  179  19:09  Zealot x2  
  163  19:20  Stalker x3  
  168  19:37  Stalker x6  
  179  19:48  Zealot  
  179  19:49  Zealot x3  
  179  19:50  Probe x2  
  111  20:15  Stalker  
  111  20:16  Zealot x9  
  131  20:22  Stalker x2  
  131  20:23  Zealot  
  131  20:28  Observer x2 (Chrono Boost)  
  139  20:35  Zealot x5  
  148  20:52  Stalker x6  
  158  20:58  Stalker  
  160  21:10  Stalker  
  161  21:12  Shield Battery  
  161  21:13  Shield Battery  
  155  21:27  Zealot x5  
  155  21:28  Zealot x3  
  171  21:45  Stalker  
  171  21:46  Stalker, Zealot x6  
  185  22:18  Zealot x2  
  185  22:19  Zealot x3  
  146  22:37  Zealot x6  
  125  22:46  Observer  
  125  22:49  Stalker  
  125  22:50  Stalker x5  
  122  22:56  Zealot x2  
  126  22:59  Observer  
  126  23:08  Zealot  
  126  23:09  Zealot x2  
  132  23:13  Observer  
  132  23:23  Photon Cannon  
  132  23:25  Stalker x2  
  136  23:30  Stalker  
  138  23:39  Zealot x3  
  94  24:07  Stalker x2  
  94  24:08  Stalker x3  
  91  24:42  Nexus  
  91  24:51  Zealot x2  
  95  24:57  Zealot x2  
  89  25:22  Zealot x7  
  81  25:45  Stargate  
  81  25:46  Zealot x3  
  87  25:52  Zealot  
  81  26:12  Zealot x2  
  83  26:49  Zealot x3  
  82  27:15  Stalker  
  70  27:48  Phoenix (Chrono Boost)  
  72  28:22  Observer  
  72  28:29  Zealot x2  
  74  28:44  Sentry x2  
  74  28:47  Sentry  
  80  29:02  Sentry x2  
  84  29:15  Observer  
  84  29:20  Probe (Chrono Boost)  
  85  29:29  Probe (Chrono Boost)  
  85  29:30  Observer  
  86  29:34  Probe (Chrono Boost)  
  87  29:46  Probe  
  87  29:51  Stalker  
  90  30:06  Observer  
  90  30:09  Probe  
  91  30:18  Stalker x2  
  95  30:33  Stalker  
  96  30:49  Zealot  
  86  31:03  Zealot x2  
  82  31:13  Sentry  
  82  31:14  Sentry x2  
  74  31:28  Zealot  
  70  31:37  Stalker  
  64  31:46  Zealot  
Show
View Real Time Build Order
Export as new Build Order

gumiho Terran - Winner!

Build Orders: Cyclone Opening 

Get SALT Encoding   

  12  0:00  SCV  
  13  0:12  SCV  
  14  0:16  Supply Depot  
  14  0:24  SCV  
  15  0:38  SCV, Barracks  
  15  0:42  Refinery  
  16  0:50  SCV  
  16  0:52  Refinery  
  17  1:02  SCV  
  18  1:14  SCV  
  19  1:23  Supply Depot  
  20  1:25  Reaper  
  20  1:26  Orbital Command  
  20  1:41  Factory  
  20  1:52  SCV  
  21  1:57  Reaper  
  22  2:04  SCV  
  23  2:16  SCV  
  23  2:20  Command Center  
  24  2:26  Cyclone  
  24  2:29  SCV  
  27  2:31  Barracks Reactor  
  27  2:37  Supply Depot  
  27  2:41  SCV  
  28  2:49  Starport  
  28  2:53  SCV  
  29  3:00  Widow Mine  
  29  3:05  SCV  
  32  3:07  Marine  
  32  3:08  Marine  
  34  3:17  SCV  
  35  3:21  Widow Mine  
  35  3:27  Medivac  
  39  3:31  SCV, Marine x2  
  39  3:32  Orbital Command  
  42  3:43  Supply Depot  
  42  3:44  SCV, Factory Tech Lab  
  43  3:49  Marine x2  
  45  3:56  SCV, Liberator  
  45  3:59  SCV  
  50  4:04  Supply Depot  
  50  4:08  SCV, Siege Tank  
  54  4:11  SCV  
  54  4:15  Supply Depot  
  55  4:18  Marine x2  
  55  4:20  SCV  
  55  4:23  SCV  
  59  4:32  SCV  
  59  4:33  Barracks  
  59  4:34  Barracks  
  56  4:40  Siege Tank  
  56  4:43  SCV  
  56  4:44  SCV  
  61  4:47  Engineering Bay  
  61  4:48  Refinery  
  61  4:49  Starport Tech Lab  
  61  4:50  Marine x2  
  61  4:55  SCV  
  61  4:56  SCV  
  61  4:58  Supply Depot  
  63  5:07  SCV  
  63  5:08  SCV  
  63  5:11  Supply Depot  
  63  5:13  Terran Infantry Weapons Level 1  
  65  5:15  Siege Tank  
  65  5:20  SCV x2  
  70  5:22  Refinery  
  70  5:24  Barracks Tech Lab  
  70  5:28  Marine x2  
  70  5:31  Supply Depot  
  70  5:32  Marine, Stimpack  
  70  5:33  SCV  
  74  5:36  Starport Reactor  
  74  5:40  SCV  
  74  5:41  Supply Depot  
  75  5:46  SCV  
  75  5:47  Combat Shield  
  75  5:49  Marine  
  76  5:50  Marine x3  
  76  5:52  SCV  
  80  5:58  SCV  
  82  6:07  Command Center  
  82  6:10  SCV  
  83  6:13  Medivac x2  
  83  6:18  Barracks  
  86  6:19  Factory Reactor  
  86  6:23  Barracks  
  86  6:29  Marine x2  
  86  6:30  Marauder x2  
  86  6:32  SCV  
  93  6:33  SCV  
  94  6:44  SCV  
  94  6:45  SCV  
  96  6:51  Marauder x2  
  96  6:52  Supply Depot x2  
  100  6:58  Marine x2  
  99  7:01  SCV x2  
  99  7:04  Widow Mine x2  
  105  7:08  Terran Infantry Armor Level 1  
  105  7:10  Medivac  
  105  7:12  Marauder  
  105  7:13  Medivac  
  105  7:14  SCV  
  112  7:19  Orbital Command  
  112  7:20  SCV  
  113  7:26  SCV, Barracks Reactor  
  116  7:30  Supply Depot, Marauder  
  116  7:32  Marauder  
  118  7:37  Marine x2  
  118  7:38  SCV, Marauder  
  125  7:46  SCV  
  125  7:47  SCV  
  125  7:51  SCV  
  128  7:55  Viking x2  
  128  7:56  Sensor Tower  
  131  7:58  SCV  
  131  8:01  Armory  
  131  8:02  Ghost Academy  
  131  8:03  SCV x2  
  135  8:05  Refinery, Marauder  
  135  8:06  Concussive Shells  
  135  8:10  Marauder  
  135  8:12  Missile Turret  
  137  8:18  SCV x3  
  140  8:24  Command Center  
  140  8:31  Missile Turret  
  140  8:32  Viking x2  
  140  8:33  SCV x2, Missile Turret  
  146  8:35  SCV  
  146  8:38  Engineering Bay  
  147  8:50  Widow Mine  
  149  8:59  Ghost x3  
  149  9:00  Widow Mine  
  157  9:04  Barracks x3  
  157  9:07  Terran Infantry Weapons Level 2  
  157  9:08  Terran Infantry Armor Level 2  
  157  9:12  Refinery  
  157  9:17  Supply Depot x2  
  157  9:19  Supply Depot  
  157  9:27  Supply Depot, Marine x4, Viking x2  
  157  9:29  Supply Depot  
  157  9:31  Marauder  
  167  9:38  Missile Turret  
  167  9:39  Missile Turret  
  167  9:44  Marauder x2  
  171  9:52  Marine, Marauder  
  166  10:01  Viking  
  166  10:04  Viking  
  166  10:05  Barracks Tech Lab, Marauder x2  
  166  10:06  Barracks Reactor x2  
  166  10:07  Marine x3  
  174  10:13  Marauder  
  179  10:18  Marine  
  180  10:24  Marine  
  180  10:27  Marauder x2  
  185  10:28  Marine  
  185  10:29  Marauder  
  185  10:35  Marauder  
  190  10:37  Planetary Fortress  
  190  10:38  Marine x2  
  190  10:42  Marine x2  
  194  10:46  Marine  
  194  10:48  Marauder x2  
  199  10:51  Terran Ship Weapons Level 1  
  199  10:53  Missile Turret  
  199  10:57  Command Center  
  198  11:06  Marauder  
  200  11:12  Missile Turret  
  200  11:16  Missile Turret, Sensor Tower  
  200  11:25  Terran Infantry Armor Level 3, Terran Infantry Weapons Level 3  
  200  11:54  Command Center  
  200  12:04  Unknown, Personal Cloaking  
  200  12:08  Fusion Core, Starport  
  200  12:09  Orbital Command  
  200  12:10  Starport  
  200  12:16  Missile Turret  
  199  12:30  Missile Turret  
  199  12:33  Marine  
  200  12:52  Terran Ship Weapons Level 2, Starport Reactor, Caduceus Reactor  
  200  12:53  Starport Reactor  
  200  13:00  Missile Turret  
  196  13:30  Nuke  
  196  13:32  Planetary Fortress  
  189  13:38  Liberator x4  
  189  13:39  Liberator  
  189  13:40  Sensor Tower  
  192  13:48  Advanced Ballistics  
  192  13:51  Missile Turret  
  192  13:55  Medivac  
  193  14:08  Marine, Marauder  
  193  14:09  Marauder  
  191  14:21  Medivac x2  
  191  14:22  Command Center  
  195  14:24  Command Center  
  195  14:25  Missile Turret  
  195  14:26  Missile Turret  
  195  14:27  Sensor Tower  
  185  14:47  Command Center  
  185  14:48  Medivac x3  
  185  14:49  Medivac  
  181  15:00  Missile Turret  
  181  15:04  Missile Turret  
  181  15:08  Terran Vehicle And Ship Armor Level 1  
  181  15:20  Liberator x2  
  181  15:21  Liberator x4  
  198  15:30  Hi-Sec Auto Tracking, Neosteel Armor  
  196  15:35  Unknown  
  196  15:52  Command Center  
  194  16:12  Command Center  
  194  16:14  Liberator  
  194  16:17  Liberator x4  
  194  16:18  Liberator  
  194  16:20  Planetary Fortress  
  188  16:36  Marine x3, Marauder x2, Command Center  
  188  16:37  Marine  
  196  16:40  Sensor Tower  
  191  17:01  Marine  
  191  17:02  Marine x2, Marauder, Terran Ship Weapons Level 3  
  191  17:03  Marauder  
  186  17:19  Marine x5, Marauder  
  186  17:21  Marine, Marauder  
  187  17:24  Marine x2, Marauder x2  
  166  17:37  Marine x5, Liberator x4  
  166  17:38  Marine  
  166  17:41  Marauder  
  166  17:42  Marine x2, Marauder  
  190  17:46  Marauder x2  
  192  18:00  Missile Turret  
  192  18:02  Marauder  
  192  18:04  Marauder  
  194  18:06  Planetary Fortress  
  194  18:07  Marauder x2  
  194  18:10  Marine x3  
  196  18:12  Marine  
  196  18:13  Marine  
  182  18:24  Marauder  
  182  18:25  Marauder  
  182  18:26  Marine x3  
  189  18:28  Orbital Command, Marine, Marauder  
  189  18:29  Marine, Marauder  
  189  18:30  Marine  
  196  18:43  Marine x2  
  196  18:45  Marauder  
  193  19:06  Marauder  
  193  19:08  Marauder  
  187  19:19  Marine x9, Marauder  
  198  19:27  Marine  
  198  19:29  Marine  
  178  19:36  Marine  
  178  19:37  Marine  
  174  19:39  Marine x5, Marauder  
  174  19:40  Marine, Marauder  
  166  20:02  Marine  
  166  20:03  Marauder x2  
  166  20:06  Marine x3  
  166  20:07  Marauder x2  
  167  20:10  Orbital Command  
  167  20:16  Liberator  
  170  20:24  Marauder x2  
  170  20:28  Marauder  
  176  20:32  Marine  
  176  20:33  Marauder  
  179  20:55  Marine  
  179  20:56  Marine, Marauder x2  
  185  21:06  Marine x2  
  185  21:07  Marauder  
  185  21:08  Marine x2, Marauder  
  185  21:10  Marine  
  194  21:13  SCV  
  194  21:17  Marauder  
  81  23:59  Marine  
  81  24:00  Marine  
  81  24:02  Marauder  
  71  24:03  Marauder  
  71  24:15  Marine, Marauder  
  71  24:18  Marine  
  71  24:19  Marauder  
  71  25:06  Marine  
  71  25:16  Marine, Marauder  
  71  25:31  Marauder  
  71  25:32  Marauder  
  71  25:34  Marauder  
  70  25:38  Marauder  
  70  25:45  SCV  
  71  25:59  Marauder  
  70  26:18  Marauder  
  70  26:28  Marauder  
  70  26:40  Marine  
  70  27:42  SCV  
  67  28:33  Liberator  
  70  28:52  Supply Depot  
  68  30:02  Marauder  
  46  31:38  Marauder  
Tags
 
Add a new tag
Caveats
  • Supply blocks, unpowered buildings, or Contaminate may cause inaccurate times.
  • Supply counts are checked every 10 seconds.